 Dungeon Crawl Stone Soup version 0.21.1-1-g345015f (webtiles) character file.

101 Lurcharcal the Firebug (level 4, -1/36 HPs)
             Began as a Draconian Fire Elementalist on May 24, 2018.
             Slain by an orc (4 damage)
             ... on level 2 of the Dungeon.
             The game lasted 00:22:55 (2404 turns).

Lurcharcal the Firebug (DrFE)                       Turns: 2404, Time: 00:22:56

Health: -1/36      AC:  6    Str: 10    XL:     4   Next: 48%
Magic:  1/8        EV: 12    Int: 17    God:
Gold:   27         SH:  0    Dex: 11    Spells: 7/8 levels left

rFire    . . .     SeeInvis +   e - +0 dagger
rCold    . . .     Gourm    +   (no shield)
rNeg     . . .     Faith    .   (armour unavailable)
rPois    .         Spirit   .   (helmet restricted)
rElec    .         Reflect  .   (no cloak)
rCorr    .         Harm     .   g - +0 pair of gloves
MR       .....                  (no boots)
Stlth    ++........             d - amulet of the gourmand
HPRegen  0.12/turn              h - ring of see invisible
MPRegen  0.11/turn              (no ring)

@: very slightly contaminated
A: unfitting armour, cold-blooded, AC +5
a: no special abilities


You were on level 2 of the Dungeon.
You were not hungry.

You visited 1 branch of the dungeon, and saw 3 of its levels.

You collected 27 gold pieces.

Inventory:

Hand Weapons
 c - a +0 whip
 e - a +0 dagger (weapon)
 m - a +2 vampiric whip
Armour
 g - a +0 pair of gloves (worn)
Jewellery
 d - an amulet of the gourmand (around neck)
 h - a ring of see invisible (left hand)
Scrolls
 f - 2 scrolls of identify
 l - a scroll of remove curse
 n - a scroll of enchant armour {unknown}
Potions
 i - a potion of lignification
 o - a potion of ambrosia {unknown}
Books
 a - a book of Flames

   Spells                             Type                      Level
   a - Flame Tongue                   Conjuration/Fire             1
   b - Throw Flame                    Conjuration/Fire             2
   c - Conjure Flame                  Conjuration/Fire             3
   d - Inner Flame                    Hexes/Fire                   3
   e - Sticky Flame                   Conjuration/Fire             4
   f - Fireball                       Conjuration/Fire             5
Comestibles
 b - 4 rations
 k - a chunk of flesh


   Skills:
 * Level 2.1 Fighting
 + Level 0.2 Short Blades
 + Level 2.2 Dodging
 - Level 1.7 Stealth
 + Level 2.7 Spellcasting
 - Level 1.0 Conjurations
 + Level 3.9 Fire Magic


You had 7 spell levels left.
You knew the following spells:

 Your Spells              Type           Power        Failure   Level  Hunger
a - Flame Tongue          Conj/Fire      ##...        6%          1    #......


Dungeon Overview and Level Annotations

Branches:
Dungeon (3/15)

Altars:
Dithmenos


Innate Abilities, Weirdness & Mutations

Your plain brown scales are hard. (AC +5)
You cannot fit into any form of body armour.
You are cold-blooded and may be slowed by cold attacks.


Message History

Confirm with . or Enter, or press ? or * to list all spells.
Aiming: Flame Tongue
Press: ? - help, Shift-Dir - straight line, f/p - orc
Aim: an orc, wearing a chain mail (heavily wounded)
You miscast Flame Tongue.
You are very lightly contaminated with residual magic.
You smell smoke.
The orc wizard hits you but does no damage. x2
You closely miss the orc wizard. You tail-slap the orc wizard.
The orc wizard is severely wounded.
The orc wizard closely misses you.
You closely miss the orc wizard.
The orc wizard is severely wounded.
The orc wizard hits you with a dagger.
* * * LOW HITPOINT WARNING * * *
The orc barely misses you. The orc wizard closely misses you.
You barely miss the orc wizard.
The orc wizard is severely wounded.
The orc hits you.
You die...

####### ##....... ......#
##<..#.. #####.#
#############.##.. #.#
#....oo........... #♣♣
#####.###########.###. ###
#.....# #.# #. ..##♣ P♣
#.#...# #.# #[ ....♣
PP♣###.#.#o# #.# #. ....♣
.P♣....#.#@# #.# #. .###♣
.♣♣#####.#o###########.###>
.# #♣.♣
#.#................†
.♣###..#
#.############......
...♣#.# #.# #.#####
......########.# #.#
....♣..........# #.#
....############ #.♣#♣##
....♣ #♣.....♣


You could see an orc wizard and an orc.

Vanquished Creatures
  4 adders
  A gnoll (D:1)
  2 dart slugs (D:1)
  An orc (D:3)
  2 ball pythons
  A giant cockroach (D:2)
  7 goblins
  6 hobgoblins
  5 jackals (D:1)
  8 kobolds
  A quokka (D:3)
  4 bats
  3 frilled lizards
  4 rats (D:1)
49 creatures vanquished.

Notes
Turn   | Place    | Note
-------+----------+-------------------------------------------
     0 | D:1      | Lurcharcal the Draconian Fire Elementalist began the quest for the Orb.
     0 | D:1      | Reached XP level 1. HP: 14/14 MP: 3/3
   424 | D:1      | Reached XP level 2. HP: 22/22 MP: 3/5
   657 | D:1      | Reached skill level 1 in Fighting
   744 | D:1      | Reached XP level 3. HP: 28/28 MP: 4/6
  1560 | D:2      | Found a shadowy altar of Dithmenos.
  1667 | D:2      | Reached XP level 4. HP: 36/36 MP: 1/7
  2404 | D:2      | Slain by an orc

Skill      XL: |  1  2  3  4 |
---------------+-------------+-----
Fighting       | 1 2 |  2.1
Dodging        | 2 |  2.2
Short Blades   | |  0.2
Stealth        | |  1.7
Spellcasting   | |  2.7
Conjurations   | |  1.0
Fire Magic     | |  3.9

Action                   |  1- 3 |  4- 6 || total
-------------------------+-------+-------++-------
Melee: Dagger            |    41 |    23 ||    64
       Whip              |     2 |       ||     2
       Tailslap          |     5 |     2 ||     7
 Cast: Flame Tongue      |    49 |    34 ||    83
  Use: Scroll            |     2 |     4 ||     6
       Potion            |     2 |     1 ||     3
  Eat: Chunk             |     7 |     3 ||    10
Armor: Skin              |    24 |    27 ||    51
Dodge: Dodged            |    43 |    58 ||   101
